 Dungeon Crawl Stone Soup version 0.23-a0-650-ga4d50d4 (webtiles) character file.

151221 Kordite the Warrior (level 17, -1/127 HPs)
             Began as a Merfolk Skald on Jan 2, 2019.
             Was the Champion of Hepliaklqana.
             Slain by a deep troll (13 damage)
             ... on level 1 of the Depths.
             The game lasted 03:27:06 (35934 turns).

Kordite the Warrior (Merfolk Skald)                Turns: 35934, Time: 03:27:07

Health: -1/127     AC: 24    Str: 17      XL:     17   Next: 55%
Magic:  42/43      EV: 23    Int:  6 (12) God:    Hepliaklqana [******]
Gold:   3435       SH:  5    Dex: 15      Spells: 19/42 levels left

rFire    + . .     SeeInvis .   a - +12 lance "Wyrmbane" {slay drac, rPois rF+ rC+ AC+3}
rCold    + + .     Gourm    .   y - +0 buckler "Jysuot" {rN+}
rNeg     + + .     Faith    .   R - +2 ring mail "Devadudd" {MP+9 Stlth+}
rPois    +         Spirit   .   t - +1 helmet of the Bagpipe {rN+}
rElec    .         Reflect  .   F - +2 cloak
rCorr    .         Harm     .   J - +2 pair of gloves {archery}
MR       +++..                  w - +2 pair of boots
Stlth    ++........             (no amulet)
HPRegen  0.31/turn              r - ring "Gepry" {rC+ MR++}
MPRegen  0.28/turn              u - +6 ring of evasion

@: confusing touch, very slightly contaminated, studying Bows
A: change form in water, swift swim, stealthy swim, reduced essence
a: Recall Ancestor, Ancestor Identity, Transference, Idealise, Renounce Religion


You were on level 1 of the Depths.
You worshipped Hepliaklqana.
Hepliaklqana was exalted by your worship.
You were hungry.

You visited 4 branches of the dungeon, and saw 24 of its levels.
You also visited: Bailey and Ice Cave.

You collected 4185 gold pieces.
You spent 750 gold pieces at shops.

Inventory:

Hand Weapons
 a - the +12 lance "Wyrmbane" (weapon) {slay drac, rPois rF+ rC+ AC+3}
   (You acquired it in a bailey)

   It affects your AC (+3).
   It protects you from fire.
   It protects you from cold.
   It protects you from poison.
 e - a +4 trident of freezing
Missiles
 K - 28 javelins (quivered)
Armour
 t - the +1 helmet of the Bagpipe (worn) {rN+}
   (You found it on level 4 of the Dungeon)

   It protects you from negative energy.
 w - a +2 pair of boots (worn)
 y - the +0 buckler "Jysuot" (worn) {rN+}
   (You acquired it in a bailey)

   It protects you from negative energy.
 F - a +2 cloak (worn)
 G - the +0 hat "Ipi Cam" {rElec Int-5 Slay+5}
   (You found it on level 14 of the Dungeon)

   It affects your intelligence (-5).
   It affects your accuracy and damage with ranged weapons and melee attacks
   (+5).
   It insulates you from electricity.
 J - a +2 pair of gloves of archery (worn)
 R - the +2 ring mail "Devadudd" (worn) {MP+9 Stlth+}
   (You bought it in a shop on level 2 of the Orcish Mines)

   It affects your magic capacity (+9).
   It makes you more stealthy.
Magical Staves
 b - an uncursed staff of wizardry
Jewellery
 r - the ring "Gepry" (left hand) {rC+ MR++}
   (You bought it in a shop on level 4 of the Dungeon)

   [ring of protection from cold]

   It protects you from cold.
   It affects your resistance to hostile enchantments.
 u - a +6 ring of evasion (right hand)
 A - an uncursed ring of protection from cold
 Q - an uncursed ring of protection from fire
 S - an uncursed ring of protection from fire
Wands
 h - a wand of clouds (8)
 q - a wand of scattershot (4)
 v - a wand of random effects (11)
 C - a wand of enslavement (9)
 E - a wand of paralysis (4)
 W - a wand of flame (42)
Scrolls
 c - 5 scrolls of amnesia
 f - 4 scrolls of fear
 i - 7 scrolls of teleportation
 l - a scroll of enchant weapon
 m - 3 scrolls of magic mapping
 n - a scroll of noise {unknown}
 p - 3 scrolls of blinking
 s - 3 scrolls of enchant armour
 x - 4 scrolls of remove curse
 M - 2 scrolls of identify
 N - 2 scrolls of immolation
 T - a scroll of fog
Potions
 g - 10 potions of curing
 k - a potion of resistance
 o - 6 potions of lignification
 z - 14 potions of heal wounds
 B - 2 potions of haste
 D - 2 potions of magic
 H - 5 potions of brilliance
 U - a potion of flight
Books
 P - a manual of Bows
Miscellaneous
 O - a lightning rod (4/4)
Comestibles
 d - 30 rations
 j - 4 chunks of flesh


   Skills:
 - Level 15.0 Fighting
 + Level 14.5 Polearms
 + Level 7.7 Armour
 - Level 10.0 Dodging
 - Level 0.5 Stealth
 - Level 4.0 Shields
 - Level 13.0 Spellcasting
 - Level 8.1 Hexes
 - Level 9.1 Charms
 - Level 2.0 Necromancy
 - Level 0.6 Translocations
 * Level 11.6 Transmutations
 * Level 8.0 Earth Magic
 - Level 7.0 Invocations


You had 19 spell levels left.
You knew the following spells:

 Your Spells              Type           Power        Failure   Level  Hunger
a - Infusion              Chrm           ##..         1%          1    None
b - Spectral Weapon       Hex/Chrm       ##......     1%          3    ###....
c - Regeneration          Chrm/Necr      ##........   7%          3    ###....
d - Passwall              Tmut/Erth      ###.....     1%          2    ##.....
e - Song of Slaying       Chrm           ##......     1%          2    ##.....
f - Statue Form           Tmut/Erth      ###......    52%         6    #######
g - Confusing Touch       Hex            ##....       1%          1    None
h - Animate Skeleton      Necr           N/A          10%         1    None
i - Apportation           Tloc           #.....       17%         1    None
j - Stone Arrow           Conj/Erth      #.....       13%         3    ###....

Your spell library contained the following spells:

 Spells                   Type           Power        Failure   Level  Hunger
 Sandblast                Erth           ##....       1%          1    None
 Petrify                  Tmut/Erth      ###.....     3%          4    ####...
 Shroud of Golubria       Chrm/Tloc      #.........   4%          2    ##.....
 Cause Fear               Hex            ##........   8%          4    ####...
 Leda's Liquefaction      Hex/Erth       ##........   8%          4    ####...
 Yara's Violent Unravell  Hex/Tmut       ###.......   11%         5    ######.
 Dazzling Spray           Conj/Hex       #.....       13%         3    ###....
 Summon Guardian Golem    Hex/Summ       #.......     13%         3    ###....
 Ignite Poison            Fire/Tmut/Pois #.......     14%         3    ###....
 Magic Dart               Conj           #...         22%         1    None
 Summon Small Mammal      Summ           #...         22%         1    None
 Lee's Rapid Deconstruct  Erth           ##........   22%         5    ######.
 Blink                    Tloc           N/A          26%         2    ##.....
 Hydra Form               Tmut           ###.......   28%         6    #######
 Call Imp                 Summ           #.......     32%         2    ##.....
 Searing Ray              Conj           #.....       32%         2    ##.....
 Fulminant Prism          Conj/Hex       #.........   38%         4    ####...
 Gell's Gravitas          Tloc           #.........   45%         3    ###....
 Lesser Beckoning         Tloc           #.........   45%         3    ###....
 Teleport Other           Tloc           #.......     45%         3    ###....
 Irradiate                Conj/Tmut      ##........   50%         5    ######.
 Excruciating Wounds      Chrm/Necr      ##........   52%         5    ######.
 Call Canine Familiar     Summ           #.......     54%         3    ###....
 Silence                  Hex/Air        #.........   75%         5    ######.
 Dragon Form              Tmut           ###.......   83%         7    #######
 Passage of Golubria      Tloc           N/A          86%         4    ####...
 Force Lance              Conj/Tloc      #.......     88%         4    ####...
 Iskenderun's Mystic Bla  Conj           #.......     91%         4    ####...
 Summon Ice Beast         Ice/Summ       #.......     91%         4    ####...
 Summon Lightning Spire   Summ/Air       #.......     91%         4    ####...
 Fireball                 Conj/Fire      #.........   99%         5    ######.
 Deflect Missiles         Chrm/Air       #.........   99%         6    #######
 Bolt of Fire             Conj/Fire      #.........   100%        6    #######
 Iron Shot                Conj/Erth      #.........   100%        6    #######
 Malign Gateway           Summ/Tloc      #.........   100%        7    #######
 Ring of Flames           Chrm/Fire      #.........   100%        7    #######
 Spellforged Servitor     Conj/Summ      #.........   100%        7    #######
 Discord                  Hex            ##........   100%        8    #######
 Ignition                 Fire           #.........   100%        8    #######


Dungeon Overview and Level Annotations

Branches:
Dungeon (15/15)            Temple (0/1) D:6            Lair (6/6) D:10
 Shoals (0/4) Lair:4        Snake (0/4) Lair:4        Slime (0/5) Lair:6
    Orc (2/2) D:12            Elf (0/3) Orc:2        Vaults (0/5) D:13
 Depths (1/5) D:15

Altars:
Dithmenos
Hepliaklqana
Kikubaaqudgha
Makhleb
Nemelex Xobeh
Okawaru
Qazlal
Ru
Vehumet
Xom
Zin
Beogh
Jiyva

Shops:
D:4 !%=(   D:11 =!   Orc:2 :(*[

Annotations:
D:2 exclusion: 3 downstairs
D:4 exclusion: downstairs
D:5 exclusion: downstairs
D:7 Menkaure
D:8 3 runed doors
D:12 exclusion: downstairs
D:13 exclusion: 2 downstairs
Lair:3 exclusions: 3 lava snakes, orange crystal statue and 3 more exclusions
Lair:4 exclusion: upstairs
Lair:6 1 runed door


Message History

The deep troll seems less confused.
The deep troll bites you!
* * * LOW HITPOINT WARNING * * *
The deep troll misses you. The deep troll closely misses you.
The deep troll misses you.
The deep troll claws you but does no damage. x2
You block the deep troll's attack. The deep troll closely misses you.
The deep troll claws you.
* * * LOW HITPOINT WARNING * * *
The deep troll barely misses you. The deep troll misses you.
The deep troll barely misses you.
Blink to where?
Press: ? - help, Dir - move target cursor You are very lightly contaminated with residual magic.
As you read the scroll of blinking, it crumbles to dust.
Casting: Confusing Touch (safe; 1% risk of failure)
Confirm with . or Enter, or press ? or * to list all spells.
Your hands begin to glow brighter.
The deep troll bites you but does no damage.
The deep troll claws you!
You die...

###.T.#.#
#...#.# #...#.#
####T..#.#
#....###.#
#....# #.#
#####.T..# #.#
##.T.T....# #.#
#.@###....###.#
#..####.####..#
#.#.........#.#
#.#..##.##..#.#
#.#.#.#.#.#.#.#
#.#.##...##.#.#
#.............#
###.##...##.#.#
#.#.#.#.#.#.#


You could see 3 deep trolls.

Vanquished Creatures
  Frances (D:13)
  Agnes (D:14)
  Kirke (D:14)
  A tengu reaver (D:14)
  2 orc warlords
  2 stone giants
  3 spark wasps
  A dire elephant (Lair:4)
  A minotaur (D:14)
  Snorg (D:10)
  An ettin (D:13)
  2 fire dragons
  An ice dragon (Depths:1)
  6 hydras
  2 ogre magi
  5 centaur warriors
  A death knight (D:14)
  3 tengu warriors
  7 two-headed ogres
  2 deep troll earth magi
  3 orc high priests (Orc:2)
  Urug (D:10)
  3 skeletal warriors
  An iron troll (D:13)
  A fire crab (D:13)
  2 flayed ghosts
  A swamp dragon (Lair:6)
  A tengu zombie (D:15)
  An orange crystal statue (Depths:1)
  3 unseen horrors
  2 wizards
  Pikel (D:7)
  A lindwurm (D:12)
  2 wolf spider zombies
  A deep troll (Depths:1)
  A deep elf mage (D:14)
  9 orc knights
  13 ugly things
  4 orc sorcerers (Orc:2)
  A wolf spider (D:14)
  4 manticores
  20 elephants
  A frost giant skeleton (D:15)
  5 cyclopes
  An ice statue (IceCv)
  A spiny frog (shapeshifter) (D:13)
  3 black mambas
  A merfolk siren (Lair:4)
  13 spiny frogs
  4 gargoyles
  A freezing wraith (D:14)
  8 komodo dragons
  4 centaur skeletons (D:14)
  5 yaktaurs
  An efreet (D:14)
  4 rime drakes
  3 trolls
  3 meliai (D:15)
  14 polar bears (IceCv)
  A troll (shapeshifter) (D:12)
  5 hornets
  A queen bee (shapeshifter) (D:14)
  A deep troll zombie (D:15)
  An ice dragon zombie (D:15)
  21 blink frogs
  11 dream sheep
  10 slime creatures
  A snapping turtle (shapeshifter) (D:14)
  11 hippogriffs
  Sigmund (D:3)
  A centaur simulacrum (D:14)
  A spriggan (Lair:4)
  2 spriggans (shapeshifter)
  4 shadows
  A wraith (D:12)
  4 wyverns
  7 basilisks
  3 steam dragons (Lair:6)
  47 yaks
  4 hogs
  2 hungry ghosts
  13 vampire mosquitoes
  8 wargs
  A soldier ant (D:14)
  3 acid dragons
  An acid dragon (shapeshifter) (D:13)
  10 water moccasins
  42 orc warriors
  7 porcupines
  2 hexers
  2 swamp drakes (Lair:6)
  6 ice beasts
  A slave (D:7)
  A hornet zombie (D:14)
  A meliai simulacrum (D:14)
  A phantom (D:14)
  3 eyes of draining
  A sky beast (D:15)
  12 ogres
  A necrophage (D:13)
  4 boggarts
  30 wolves
  20 centaurs
  2 big kobolds
  18 crocodiles
  13 bullfrogs
  A water moccasin zombie (D:12)
  3 wyvern skeletons
  4 scorpions
  15 wights
  A vampire bat (D:15)
  An electric eel (D:8)
  10 crimson imps
  5 centaur zombies
  A bullfrog zombie (D:10)
  3 jellies
  26 orc priests
  A hound (D:9)
  25 orc wizards
  5 iguanas
  9 worker ants
  A killer bee zombie (D:8)
  The ghost of suvakkihuora the Shield-Bearer, a weakling FoFi of Okawaru (D:14)
  A worker ant zombie (D:5)
  9 gnolls
  8 adders
  3 shadow imps
  11 white imps (Lair:6)
  An adder skeleton (D:10)
  4 worms
  2 dart slugs (D:3)
  6 leopard geckos
  100 orcs
  16 bats
  5 giant cockroaches
  31 goblins
  14 hobgoblins
  11 jackals
  6 quokkas
  3 ball pythons
  A ball python skeleton (D:4)
  5 frilled lizards
  19 kobolds
  A quokka skeleton (D:6)
  A quokka zombie (D:8)
  8 rats
  9 spectral weapons
  A withered plant (D:15)
923 creatures vanquished.

Vanquished Creatures (collateral kills)
  A frost giant (IceCv)
  3 hydras
  A centaur warrior (D:14)
  A catoblepas (D:13)
  A deep troll shaman (Depths:1)
  2 two-headed ogres
  Nergalle (Lair:1)
  An unseen horror (D:12)
  An orc knight (Bailey)
  A deep elf archer (D:14)
  A necromancer (D:15)
  An ugly thing (D:15)
  4 elephants
  Joseph (D:10)
  3 spiny frogs
  A komodo dragon (Lair:1)
  A yaktaur (Depths:1)
  A freezing wraith (D:15)
  3 trolls
  A slime creature (D:12)
  A blink frog (Lair:5)
  2 dream sheep (Lair:6)
  2 hippogriffs
  A redback (D:14)
  5 yaks
  A wyvern (D:11)
  A hog (D:14)
  A basilisk (Lair:6)
  A soldier ant (D:12)
  An acid dragon (D:14)
  A water moccasin (Lair:6)
  A porcupine (Lair:5)
  7 orc warriors
  A sky beast (D:8)
  2 wolves (IceCv)
  5 ogres
  A crocodile (Lair:1)
  A bullfrog (D:10)
  A wyvern zombie (D:13)
  A scorpion (D:7)
  2 wights
  A centaur zombie (D:7)
  A crimson imp (D:5)
  A jelly (D:10)
  2 bullfrog zombies
  4 orc priests
  A bullfrog skeleton (D:10)
  2 hounds
  3 worker ants
  Ijyb (D:3)
  2 iguanas (D:10)
  3 orc wizards
  A hound skeleton (D:6)
  3 adders
  5 gnolls
  2 shadow imps
  A white imp (Lair:6)
  A worm (D:4)
  A leopard gecko (D:5)
  26 orcs
  6 goblins (Bailey)
  7 hobgoblins (Bailey)
  A kobold (D:7)
  2 quokkas (D:3)
  3 bats
  2 fungi
  A plant (Lair:6)
  A withered plant (D:15)
153 creatures vanquished.

Vanquished Creatures (others)
  3 wolves (IceCv)
  An orc wizard (D:14)
  48 hexers
  An adder (D:8)
  6 ancestors
  6 bushes (Depths:1)
  46 fungi
  15 plants
  49 spectral weapons
  2 withered plants (D:15)
177 creatures vanquished.

Grand Total: 1253 creatures vanquished

Notes
Turn   | Place    | Note
-------+----------+-------------------------------------------
     0 | D:1      | Kordite the Merfolk Skald began the quest for the Orb.
     0 | D:1      | Reached XP level 1. HP: 16/16 MP: 3/3
   216 | D:1      | Reached XP level 2. HP: 22/22 MP: 5/5
   803 | D:1      | Reached XP level 3. HP: 18/27 MP: 6/6
   815 | D:1      | Learned a level 3 spell: Spectral Weapon
  1900 | D:2      | Reached XP level 4. HP: 33/33 MP: 4/7
  1978 | D:2      | Reached skill level 1 in Hexes
  2658 | D:2      | Reached skill level 5 in Polearms
  2988 | D:3      | Noticed Ijyb
  3051 | D:3      | Reached XP level 5. HP: 37/38 MP: 8/8
  3061 | D:3      | Found a hazy altar of Hepliaklqana.
  3070 | D:3      | Became a worshipper of Hepliaklqana the Forgotten
  3087 | D:3      | Found a faded altar of an unknown god.
  3419 | D:3      | Noticed Sigmund
  3694 | D:3      | Killed Ijyb
  3964 | D:3      | Killed Sigmund
  3964 | D:3      | Reached XP level 6. HP: 26/39 MP: 6/10
  4107 | D:3      | Learned a level 3 spell: Regeneration
  4151 | D:4      | Found Bevol's Food Emporium.
  4158 | D:4      | Found Ischy Tid's Jewellery Shop.
  4200 | D:4      | Found Qerin's Antique Weapon Shoppe.
  4410 | D:4      | Found Vulutzos's Distillery.
  4441 | D:4      | Got an ancient helmet
  4447 | D:4      | Identified the +1 helmet of the Bagpipe {rN+} (You found it
                  | on level 4 of the Dungeon)
  4818 | D:5      | Entered Level 5 of the Dungeon
  4835 | D:5      | Reached XP level 7. HP: 45/45 MP: 8/11
  5204 | D:5      | Reached * piety under Hepliaklqana
  5404 | D:5      | Reached XP level 8. HP: 50/50 MP: 12/12
  5469 | D:5      | Reached skill level 5 in Charms
  6042 | D:5      | Reached skill level 10 in Polearms
  6115 | D:6      | Reached ** piety under Hepliaklqana
  6116 | D:6      | Remembered your ancestor Thulani as a hexer
  6225 | D:6      | Found a radiant altar of Vehumet.
  6241 | D:6      | Found a staircase to the Ecumenical Temple.
  6504 | D:6      | Reached skill level 5 in Hexes
  6509 | D:6      | Found a sacrificial altar of Ru.
  7142 | D:7      | Reached XP level 9. HP: 55/55 MP: 14/14
  7144 | D:7      | Reached XP level 10. HP: 61/61 MP: 14/25
  7214 | D:7      | Noticed Pikel
  7249 | D:7      | Killed Pikel
  7249 | D:7      | Reached skill level 3 in Fighting
  7249 | D:7      | Reached skill level 1 in Armour
  7515 | D:7      | Reached *** piety under Hepliaklqana
  7619 | D:7      | Found an iron altar of Okawaru.
  7717 | D:7      | Found a sparkling altar of Nemelex Xobeh.
  7718 | D:7      | Noticed Menkaure
  8350 | D:8      | Learned a level 2 spell: Passwall
  8586 | D:8      | Found a runed gate.
  8587 | D:8      | Found a runed gate.
  8587 | D:8      | Found a runed gate.
  8588 | D:8      | Noticed a white ugly thing
  8588 | D:8      | Noticed a brown ugly thing
  8590 | D:8      | Noticed a white ugly thing
  8830 | D:9      | Noticed a two-headed ogre
  8841 | D:9      | Killed a two-headed ogre
  8841 | D:9      | Reached skill level 1 in Shields
  8922 | D:9      | Reached skill level 4 in Fighting
  9115 | D:9      | Reached **** piety under Hepliaklqana
  9778 | D:10     | Entered Level 10 of the Dungeon
  9868 | D:10     | Noticed Joseph
  9885 | D:10     | Reached XP level 11. HP: 44/70 MP: 24/26
  9894 | D:10     | Killed Joseph
 10036 | D:10     | Noticed Urug
 10186 | D:10     | Killed Urug
 10329 | D:10     | Noticed a centaur warrior
 10342 | D:10     | Killed a centaur warrior
 10550 | D:10     | Reached skill level 5 in Fighting
 10590 | D:10     | Found a staircase to the Lair.
 10907 | D:10     | Noticed Snorg
 10928 | D:10     | Killed Snorg
 11300 | D:10     | Found a shimmering altar of Xom.
 11317 | D:10     | Found a stormy altar of Qazlal.
 11317 | D:10     | Found an ancient bone altar of Kikubaaqudgha.
 11319 | D:10     | Found a burning altar of Makhleb.
 11319 | D:10     | Found a hazy altar of Hepliaklqana.
 11319 | D:10     | Found a glowing silver altar of Zin.
 11522 | D:11     | Noticed a centaur warrior
 11548 | D:11     | Killed a centaur warrior
 11638 | D:11     | Reached skill level 1 in Necromancy
 11693 | D:11     | Noticed a two-headed ogre
 11703 | D:11     | Killed a two-headed ogre
 11722 | D:11     | Found a flagged portal.
 11750 | Bailey   | Entered a bailey
 11764 | Bailey   | Learned a level 2 spell: Song of Slaying
 12405 | Bailey   | Reached skill level 5 in Armour
 12435 | Bailey   | Noticed an orc knight
 12471 | Bailey   | Killed an orc knight
 12471 | Bailey   | Reached XP level 12. HP: 54/77 MP: 19/27
 12707 | Bailey   | Noticed an orc warlord
 12739 | Bailey   | Killed an orc warlord
 12748 | Bailey   | Reached skill level 5 in Invocations
 13083 | Bailey   | Identified 2 scrolls of acquirement
 13084 | Bailey   | Found the +8 lance "Wyrmbane" {slay drac, rPois rF+ rC+
                  | AC+3}
 13090 | Bailey   | Got an ichor-stained buckler
 13101 | Bailey   | Identified the +0 buckler "Jysuot" {rN+} (You acquired it
                  | in a bailey)
 13272 | D:11     | Found a roughly hewn altar of Beogh.
 13543 | D:11     | Found Zobbuxoa's Jewellery Boutique.
 13726 | D:11     | Reached skill level 6 in Fighting
 13907 | D:11     | Reached ***** piety under Hepliaklqana
 14097 | D:11     | Found Uliron's Distillery.
 14116 | D:11     | Reached skill level 5 in Dodging
 14443 | D:12     | Reached skill level 7 in Fighting
 14496 | D:12     | You fall through a shaft!
 14496 | D:13     | Noticed Frances
 14516 | D:13     | Killed Frances
 14693 | D:13     | Noticed a two-headed ogre
 14718 | D:13     | Killed a two-headed ogre
 14731 | D:13     | Reached XP level 13. HP: 79/88 MP: 26/28
 14890 | D:13     | Reached skill level 8 in Fighting
 15154 | D:13     | Got a pair of smoking gloves
 15165 | D:13     | Identified the +0 pair of gloves of the Amoeba {Dex+3} (You
                  | found it on level 13 of the Dungeon)
 15350 | D:13     | Noticed an ettin
 15768 | D:12     | Reached skill level 9 in Fighting
 16019 | D:12     | Reached skill level 1 in Transmutations
 16078 | D:12     | Identified the Volume of Calling
 16080 | D:12     | Found a shadowy altar of Dithmenos.
 16085 | D:12     | Found a stormy altar of Qazlal.
 16109 | D:12     | Learned a level 6 spell: Statue Form
 16132 | D:12     | Reached skill level 1 in Earth Magic
 16417 | D:12     | Found a staircase to the Orcish Mines.
 17259 | D:13     | Found a gate to the Vaults.
 17374 | D:13     | Reached skill level 10 in Fighting
 17577 | D:4      | Bought the ring "Gepry" {rC+ MR++} for 404 gold pieces
 17707 | Lair:1   | Entered Level 1 of the Lair of Beasts
 17806 | Lair:1   | Noticed Nergalle
 17832 | Lair:1   | Killed Nergalle
 18054 | Lair:1   | Reached XP level 14. HP: 99/99 MP: 29/29
 18907 | Lair:2   | You fall through a shaft for 2 floors!
 19136 | Lair:4   | Reached skill level 5 in Transmutations
 19153 | Lair:4   | Found a staircase to the Shoals.
 20628 | Lair:3   | Reached ****** piety under Hepliaklqana
 20836 | Lair:3   | Reached skill level 11 in Fighting
 21222 | Lair:4   | Noticed a dire elephant
 21255 | Lair:4   | Killed a dire elephant
 21810 | Lair:4   | Found a staircase to the Snake Pit.
 22017 | Lair:4   | Learned a level 1 spell: Confusing Touch
 22118 | Lair:4   | Learned a level 1 spell: Animate Skeleton
 22429 | Lair:5   | Reached XP level 15. HP: 98/107 MP: 22/30
 22850 | Lair:6   | Entered Level 6 of the Lair of Beasts
 22872 | Lair:6   | Found a runed door.
 22873 | Lair:6   | Found a viscous altar of Jiyva.
 22873 | Lair:6   | Found a staircase to the Slime Pits.
 22874 | Lair:6   | Noticed an acid blob
 22947 | Lair:6   | Found a frozen archway.
 22980 | IceCv    | Entered an ice cave
 23076 | IceCv    | Identified the Compendium of Ashen Boosts
 23316 | IceCv    | Reached skill level 12 in Fighting
 23500 | IceCv    | Noticed a frost giant
 23513 | IceCv    | Killed a frost giant
 23513 | IceCv    | Reached skill level 5 in Earth Magic
 23543 | IceCv    | Got a faintly humming scale mail
 23544 | IceCv    | Identified the cursed +0 scale mail "Dooshrair" {*Drain rC+
                  | rN+ Regen+} (You found it in an ice cave)
 24575 | Lair:6   | Reached skill level 13 in Fighting
 24641 | Lair:6   | Got a translucent platinum amulet
 24642 | Lair:6   | Identified the amulet "Myatelau" {Harm *Drain Int+2} (You
                  | found it on level 6 of the Lair of Beasts)
 25073 | Orc:1    | Entered Level 1 of the Orcish Mines
 25342 | Orc:2    | Entered Level 2 of the Orcish Mines
 25395 | Orc:2    | Found a staircase to the Elven Halls.
 26540 | Orc:2    | Found a roughly hewn altar of Beogh.
 26592 | Orc:2    | Noticed an orc warlord
 27453 | Orc:2    | Reached XP level 16. HP: 111/117 MP: 25/31
 27801 | Orc:2    | Reached skill level 10 in Dodging
 27989 | Orc:2    | Found Daetih's General Store.
 27990 | Orc:2    | Found Veclonump's Book Boutique.
 27991 | Orc:2    | Found Wiutehae's Antique Armour Shop.
 27991 | Orc:2    | Found Aghecikk's Antique Weapon Shop.
 28019 | Orc:2    | Bought a faintly humming ring mail for 216 gold pieces
 28372 | Orc:2    | Bought a potion of haste for 130 gold pieces
 28373 | Orc:2    | Upgraded the game from 0.23-a0-644-gb60d84b to
                  | 0.23-a0-650-ga4d50d4
 28373 | Orc:2    | Identified the +2 ring mail "Devadudd" {MP+9 Stlth+} (You
                  | bought it in a shop on level 2 of the Orcish Mines)
 28519 | Orc:2    | Learned a level 1 spell: Apportation
 29417 | D:14     | Noticed Kirke
 29671 | D:14     | Noticed suvakkihuora's ghost (weakling FoFi)
 29743 | D:14     | Killed Kirke
 29811 | D:14     | Identified the +5 plate armour "Lihemod" {rElec Int+3}
 29815 | D:14     | Noticed Agnes
 30583 | D:14     | Noticed a tengu reaver
 30720 | D:14     | Reached skill level 14 in Fighting
 30735 | D:14     | Reached skill level 10 in Transmutations
 31236 | D:14     | Killed a tengu reaver
 31774 | D:14     | Found a runed gate.
 31774 | D:14     | Found a runed gate.
 31774 | D:14     | Found a runed gate.
 31829 | D:14     | Killed Agnes
 32255 | D:14     | Reached XP level 17. HP: 106/126 MP: 33/33
 32506 | D:14     | Killed suvakkihuora's ghost
 32599 | D:14     | Got a bloodstained hat
 32600 | D:14     | Identified the cursed +0 hat "Ipi Cam" {rElec Int-5 Slay+5}
                  | (You found it on level 14 of the Dungeon)
 32641 | D:15     | Entered Level 15 of the Dungeon
 32927 | D:15     | Found a staircase to the Depths.
 33716 | Depths:1 | Entered Level 1 of the Depths
 34330 | D:15     | Learned a level 3 spell: Stone Arrow
 34944 | Depths:1 | Lost intelligence.
 35730 | Depths:1 | Reached skill level 15 in Fighting
 35934 | Depths:1 | Slain by a deep troll

Vault maps used:
D:1:      lemuel_arrival_behind_the_door_large, minmay_nonomino_d4
D:2:      minmay_inner_zag
D:3:      minmay_evil_eye, overflow_temple_1_default,
          chequers_ecumenical_altar_simple, uniq_ijyb, uniq_sigmund
D:4:      first_ration, serial_shops, shop,
          nicolae_shop_temple_entry_statues_fountains, shop_fountains, shop
D:5:      kennysheep_decorative_pillar
D:6:      minmay_temple_entry_steel_oval, basic_altar,
          nicolae_ru_sacrificial_ziggurat
D:7:      enter_ossuary_5, basic_altar, the_bakery, okawaru_altar_gauntlet_db,
          uniq_pikel, uniq_menkaure
D:8:      ploomutoo_gammafunk_ghost_potion_laboratory, chequers_big_river
D:10:     erik_lair_orcish_takeover, grunt_decor_arrowhead, st_stairs_14,
          doesnt_xom_only_xom, uniq_snorg, uniq_urug, uniq_joseph
D:11:     serial_shops, shop, nicolae_shop_stone, enter_bailey_3, special_room
D:12:     hiddenorc1_lemuel, nicolae_zen_rock_garden, jmf_multi_god_temple
D:13:     david_vaults_4, uniq_frances
D:14:     minmay_the_grid_square_5x5_5x5_mashed, maelrawn_ghost_gauntlet_escape,
          hangedman_decor_clover_reticule, uniq_agnes, uniq_kirke
D:15:     gammafunk_depths_entry_grave, serial_park_tiny_pond, roderic_batcave
Lair:1:   grunt_megastairs_5, lemuel_fruit_tree, uniq_nergalle
Lair:3:   disabler_island
Lair:4:   mu_elephants_graveyard, minmay_shoals_entry_lonely_mermaid
Lair:6:   guppyfry_lair_end_dragon, slime_altar_2, portal_ice_cave_entry_imps,
          serial_bayou_shore_a
Orc:2:    st_orc_congregation, basic_altar
Depths:1: hangedman_grunt_twisty_little_passages, enter_ziggurat_f,
          roderic_three_in_a_row, pf_coc_iceberg, minivault_16,
          minmay_hedge_maze, nicolae_alphabet_shops, hex_intersection,
          dpeg_stationary_puzzle, uniq_sojobo
Bailey:   bailey_axe_minmay_hex_keep, bailey
IceCv:    ice_cave_caverns_02

Skill      XL: |  1  2  3  4  5  6  7  8  9 10 11 12 13 14 15 16 17 |
---------------+----------------------------------------------------+-----
Charms         | 4 5 6 8 9 |  9.1
Polearms       | 4 5 7 8 9 11 12 14 | 14.5
Hexes          | 1 2 3 5 7 8 |  8.1
Spellcasting   | 3 11 12 13 | 13.0
Dodging        | 3 6 9 10 | 10.0
Fighting       | 4 5 7 10 11 13 14 15 | 15.0
Armour         | 2 5 6 7 |  7.7
Shields        | 2 4 |  4.0
Necromancy     | 1 2 |  2.0
Invocations    | 2 6 7 |  7.0
Transmutations | 4 7 8 10 11 | 11.6
Earth Magic    | 2 4 6 7 8 |  8.0
Stealth        | |  0.5
Translocations | |  0.6

Action                   |  1- 3 |  4- 6 |  7- 9 | 10-12 | 13-15 | 16-18 || total
-------------------------+-------+-------+-------+-------+-------+-------++-------
Melee: Spear             |   176 |   224 |   232 |   101 |       |       ||   733
       Trident           |       |       |       |   641 |       |       ||   641
       Lance             |       |       |       |     9 |  1507 |   881 ||  2397
       Tailslap          |       |       |       |       |     4 |     1 ||     5
Throw: Tomahawk          |       |       |       |       |     6 |     3 ||     9
       Javelin           |       |       |       |       |       |    18 ||    18
 Cast: Spectral Weapon   |     1 |     6 |    15 |    59 |   100 |    58 ||   239
       Infusion          |       |     1 |     2 |       |     2 |       ||     5
       Regeneration      |       |       |       |     1 |    18 |    18 ||    37
       Song of Slaying   |       |       |       |     1 |    31 |    13 ||    45
       Animate Skeleton  |       |       |       |       |     5 |     2 ||     7
       Confusing Touch   |       |       |       |       |    32 |    55 ||    87
       Passwall          |       |       |       |       |     1 |       ||     1
Invok: Recall Ancestor   |       |     2 |     1 |     2 |     1 |     4 ||    10
       Ancestor Life: He |       |       |     1 |       |       |       ||     1
       Idealise          |       |       |       |       |       |     2 ||     2
Evoke: Wand              |       |     2 |       |     1 |     7 |    12 ||    22
       Phantom mirror    |       |       |       |       |       |     1 ||     1
  Use: Scroll            |       |     5 |     7 |    14 |    17 |     5 ||    48
       Potion            |       |     3 |     1 |     5 |     3 |     7 ||    19
 Stab: Sleeping          |     4 |     3 |       |       |       |     2 ||     9
       Distracted        |       |     1 |     4 |    18 |    34 |    14 ||    71
       Confused          |       |       |     4 |    12 |    32 |    27 ||    75
       Paralysed         |       |       |       |       |    20 |    53 ||    73
  Eat: Chunk             |     3 |    11 |     6 |    22 |    39 |    12 ||    93
       Ration            |       |       |     1 |     1 |     1 |     5 ||     8
Armor: Leather armour    |    30 |    39 |    15 |    22 |       |       ||   106
       Ring mail         |       |       |       |    32 |   168 |   190 ||   390
Dodge: Dodged            |   109 |    84 |    75 |   216 |   474 |   497 ||  1455
Block: Buckler           |       |       |       |    62 |   135 |   117 ||   314

Table legend:
 A = Non-vault XP
 B = Vault XP
 C = Vault XP percentage of total XP
 D = Non-vault monster count
 E = Vault monster count
 F = Vault count percentage of total count
                 A         B        C        D         E       F
            +---------+---------+-------+---------+---------+-------
      Total |  117576 |   96146 |  45.0 |     637 |     423 |  39.9
            +---------+---------+-------+---------+---------+-------
        D:1 |      43 |      12 |  21.8 |      25 |       8 |  24.2
        D:2 |      81 |       7 |   8.0 |      24 |       5 |  17.2
        D:3 |      49 |     260 |  84.1 |      17 |       3 |  15.0
        D:4 |     117 |       0 |   0.0 |      14 |       0 |   0.0
        D:5 |     735 |       0 |   0.0 |      21 |       0 |   0.0
        D:6 |     846 |       0 |   0.0 |      20 |       0 |   0.0
        D:7 |     738 |     668 |  47.5 |      23 |       7 |  23.3
        D:8 |     807 |       0 |   0.0 |      21 |       0 |   0.0
        D:9 |    1905 |       0 |   0.0 |      11 |       0 |   0.0
       D:10 |    3257 |    3392 |  51.0 |      27 |      14 |  34.1
       D:11 |    6187 |     681 |   9.9 |      35 |      29 |  45.3
       D:12 |    8803 |    3288 |  27.2 |      46 |      22 |  32.4
       D:13 |    7913 |    8008 |  50.3 |      42 |      11 |  20.8
       D:14 |   12595 |   30942 |  71.1 |      41 |      64 |  61.0
       D:15 |   17875 |    4638 |  20.6 |      45 |      15 |  25.0
     Lair:1 |    6432 |    1329 |  17.1 |      27 |       3 |  10.0
     Lair:2 |    2248 |       0 |   0.0 |       9 |       0 |   0.0
     Lair:3 |    6171 |       0 |   0.0 |      18 |       0 |   0.0
     Lair:4 |    7068 |    9110 |  56.3 |      24 |      18 |  42.9
     Lair:5 |    6540 |       0 |   0.0 |      24 |       0 |   0.0
     Lair:6 |   13233 |    4539 |  25.5 |      56 |      28 |  33.3
      Orc:1 |    3987 |       0 |   0.0 |      35 |       0 |   0.0
      Orc:2 |    1992 |   11871 |  85.6 |      20 |      76 |  79.2
   Depths:1 |    7954 |     700 |   8.1 |      12 |       1 |   7.7
     Bailey |       0 |    4726 | 100.0 |       0 |      69 | 100.0
      IceCv |       0 |   11975 | 100.0 |       0 |      50 | 100.0
            +---------+---------+-------+---------+---------+-------
